 Dungeon Crawl Stone Soup version 0.29.1-14-g9c671dbff4 (webtiles) character file.

Game seed: 10051839781359932970

75358 Smoke131 the Grappler (level 15, -8/222 HPs)
             Began as a Troll Gladiator on Feb 20, 2023.
             Was a High Priest of Okawaru.
             Mangled by a two-headed ogre
             ... wielding a +0 giant spiked club
              (23 damage)
             ... on level 1 of the Orcish Mines.
             The game lasted 01:34:35 (22129 turns).

Smoke131 the Grappler (Troll Gladiator)            Turns: 22129, Time: 01:34:36

Health: -8/222     AC: 20    Str: 36    XL:     15   Next: 9%
Magic:  21/21      EV: 10    Int:  6    God:    Okawaru [*****.]
Gold:   1245       SH: 19    Dex: 11    Spells: 14/14 levels left

rFire   + . .      SeeInvis +     - Unarmed
rCold   + + +      Faith    .   f - +0 tower shield
rNeg    . . .      Spirit   .   Q - quicksilver dragon scales "Kuxoph" {rC++ Will+ rCorr Str+4 Int-4}
rPois   .          Reflect  +   z - +2 hat {SInv}
rElec   .          Harm     .   (no cloak)
rCorr   +          Rampage  .   (gloves unavailable)
Will    ++...                   (boots unavailable)
Stlth   ..........              J - amulet of reflection
HPRegen 1.27/turn               S - ring of the Fool {rC+ AC+4}
MPRegen 0.17/turn               T - +6 ring of intelligence

@: berserking, silenced, very quick
A: large, unfitting armour, claws 3, regeneration 1, shaggy fur 1, tough skin 1,
fire resistance 1, sense surroundings 1
a: Renounce Religion


You were on level 1 of the Orcish Mines.
You worshipped Okawaru.
Okawaru was extremely pleased with you.
You visited 4 branches of the dungeon, and saw 19 of its levels.
You also visited: Gauntlet.

You collected 1641 gold pieces.
You spent 396 gold pieces at shops.

Inventory:

Hand Weapons
 E - the +5 great mace of Rughuvvu {elec, rN+}
   (You found it in a Gauntlet)

   It occasionally discharges a powerful burst of electricity upon striking a
   foe.
   rN:        It protects you from negative energy.
Missiles
 c - 2 throwing nets
 e - 2 javelins
 k - 32 poisoned darts
 m - 6 boomerangs
 u - 8 silver javelins
 w - 6 atropa-tipped darts
 x - 6 datura-tipped darts
 B - a curare-tipped dart
 L - 2 large rocks (quivered)
Armour
 a - +0 swamp dragon scales
 f - a +0 tower shield (worn)
 z - a +2 hat of see invisible (worn)
 Q - the quicksilver dragon scales "Kuxoph" (worn) {rC++ Will+ rCorr Str+4 Int-4}
   (Okawaru gifted it to you on level 3 of the Lair of Beasts)

   Str:       It affects your strength (+4).
   Int:       It affects your intelligence (-4).
   rC:        It greatly protects you from cold.
   rCorr:     It protects you from acid and corrosion.
   Will:      It increases your willpower.
Jewellery
 b - the ring "Lomneq" {rN+ MP+9}
   (You found it in a Gauntlet)

   [ring of positive energy]

   rN:        It protects you from negative energy.
   MP:        It affects your magic capacity (+9).
 o - a ring of see invisible
 J - an amulet of reflection (around neck)
 S - the ring of the Fool (left claw) {rC+ AC+4}
   (You found it on level 3 of the Lair of Beasts)

   [ring of protection]

   AC:        It affects your AC (+4).
   rC:        It protects you from cold.
 T - a +6 ring of intelligence (right claw)
Wands
 l - a wand of quicksilver (6)
 r - a wand of iceblast (15)
 t - a wand of mindburst (21)
 D - a wand of polymorph (4)
 I - a wand of flame (7)
Scrolls
 d - 5 scrolls of teleportation
 g - a scroll of magic mapping
 s - 2 scrolls of amnesia
 v - 3 scrolls of poison
 K - 2 scrolls of identify
 N - a scroll of enchant weapon
Potions
 h - 5 potions of lignification
 i - 4 potions of flight
 j - 2 potions of brilliance
 n - 8 potions of curing
 p - 8 potions of ambrosia
 q - a potion of mutation
 H - 2 potions of might
 O - 2 potions of cancellation
 P - 4 potions of heal wounds
Miscellaneous
 A - a lightning rod (3/4)


   Skills:
 + Level 9.6 Fighting
 - Level 10.0 Throwing
 + Level 9.5 Armour
 + Level 9.9 Dodging
 + Level 8.1 Shields
 - Level 10.0 Unarmed Combat
 + Level 9.8 Invocations


You had 14 spell levels left.
You didn't know any spells.
Your spell library contained the following spells:

 Spells                   Type           Power      Damage    Failure   Level
 Apportation              Tloc           0%         N/A       97%         1
 Beastly Appendage        Tmut           0%         N/A       97%         1
 Shock                    Conj/Air       0%         1d3       97%         1
 Slow                     Hex            0%         N/A       97%         1
 Sting                    Tmut/Pois      0%         1d3       97%         1
 Ensorcelled Hibernation  Hex/Ice        0%         N/A       99%         2
 Poisonous Vapours        Pois/Air       0%         N/A       99%         2
 Wereblood                Tmut           0%         N/A       99%         2
 Confusing Touch          Hex            0%         N/A       100%        3
 Portal Projectile        Hex/Tloc       0%         N/A       100%        3
 Spider Form              Tmut/Pois      0%         N/A       100%        3
 Swiftness                Air            0%         N/A       100%        3
 Vampiric Draining        Necr           0%         2d6       100%        3
 Airstrike                Air            0%         2d(0-16)  100%        4
 Anguish                  Hex/Necr       0%         N/A       100%        4
 Olgreb's Toxic Radiance  Pois           0%         N/A       100%        4
 Petrify                  Tmut/Erth      0%         N/A       100%        4
 Alistair's Intoxication  Tmut/Pois      0%         N/A       100%        5
 Blade Hands              Tmut           0%         N/A       100%        5
 Lightning Bolt           Conj/Air       0%         1d11      100%        5
 Metabolic Englaciation   Hex/Ice        0%         N/A       100%        5
 Statue Form              Tmut/Erth      0%         N/A       100%        6
 Enfeeble                 Hex            0%         N/A       100%        7
 Tukima's Dance           Hex            Unusable   N/A       N/A         3
 Summon Lightning Spire   Summ/Air       Unusable   N/A       N/A         4

Dungeon Overview and Level Annotations

Branches:
Dungeon (12/15)            Temple (1/1) D:4            Lair (5/5) D:9
 Shoals (0/4) Lair:3        Snake (0/4) Lair:3        Slime (0/5) Lair:5
    Orc (1/2) D:12        Gauntlet (visited)

Altars:
Ashenzari
Cheibriados
Dithmenos
Elyvilon
Fedhas
Gozag
Hepliaklqana
Kikubaaqudgha
Makhleb
Nemelex Xobeh
Okawaru
Qazlal
Ru
Sif Muna
Trog
Uskayaw
Vehumet
Wu Jian
Xom
Yredelemnul
Zin
The Shining One
Jiyva

Shops:
D:1 (:   D:9 =

Annotations:
D:12 1 runed translucent door, Nissa's ghost, journeyman MiFi
Orc:1 1 transporter, 1 runed translucent door


Innate Abilities, Weirdness & Mutations

You are too large for most types of armour.
You have claws for hands.
Your natural rate of healing is unusually fast.
You are covered in fur. (AC +1)
You have tough skin. (AC +1)
Your flesh is heat resistant. (rF+)
You passively map a small area around you.


Message History

The two-headed ogre hits you with a +0 giant club!
You completely miss the two-headed ogre.
The two-headed ogre is heavily wounded.
The troll bites you but does no damage. The troll barely misses you.
You block the troll's attack.
The two-headed ogre hits you with a +0 giant club!
You block the two-headed ogre's attack. The troll barely misses you.
The troll claws you but does no damage. You block the troll's attack.
A red film seems to cover your vision as you go berserk!
You feel yourself moving faster!
You feel mighty! You block the troll's attack. x3
The two-headed ogre closely misses you.
The two-headed ogre hits you with a +0 giant club!!
* * * LOW HITPOINT WARNING * * *
You mangle the two-headed ogre!!
The two-headed ogre is almost dead.
The troll bites you.
* * * LOW HITPOINT WARNING * * *
The troll claws you but does no damage. You block the troll's attack.
You block the two-headed ogre's attack. x2
You mangle the two-headed ogre!!
You kill the two-headed ogre!
Okawaru accepts your kill. You block the troll's attack. x3
The two-headed ogre hits you but does no damage. x2
The troll bites you!!
* * * LOW HITPOINT WARNING * * *
You block the troll's attack. The troll claws you but does no damage.
You are too berserk!
You mangle the two-headed ogre!!
The two-headed ogre is moderately wounded.
The troll bites you.
* * * LOW HITPOINT WARNING * * *
The troll claws you.
* * * LOW HITPOINT WARNING * * *
You block the troll's attack.
You mangle the two-headed ogre!!
The two-headed ogre is severely wounded.
You block the two-headed ogre's attack.
The two-headed ogre hits you with a +0 dire flail!!
You die...

.....#..# *####*## * #...
.....#..# ##... ... #...
......#.# ##......... *###...
........######...###..⌠. ,#y#..#
...........#y#...#y#$.... ####...
...........###''### $$...##......
............##...###)[!..##......
...........©##©÷.#W+_[$..##©.....
............##.T@###:)[.O##......
...........###'O####$$...##....#.
...........#y#...#y#$.... ####...
)[......######..O###..⌠. ,#y#...
[.......# ##......... ###...
........# ##....... *,* #...
........# *####### * #...
........#


÷#yeeO, #... ........# ## ## #... You could see a two-headed ogre (berserk), a
moth of wrath (unsilenced), a silent spectre (silencing) and a troll (berserk).

Vanquished Creatures
  Rupert (Lair:4)
  2 orc warlords
  A minotaur (Gauntlet)
  Snorg (Lair:5)
  4 boulder beetles
  6 catoblepae
  7 hydras
  4 two-headed ogres
  7 death yaks
  An orc high priest (Orc:1)
  3 orc knights (D:12)
  2 ugly things
  4 orc sorcerers
  An oklob plant (Lair:5)
  A harpy (shapeshifter) (Gauntlet)
  A cyclops (D:12)
  2 manticores (Lair:5)
  A faun (shapeshifter) (Gauntlet)
  2 centaur zombies (D:10)
  Maurice (D:12)
  9 elephants (Lair:4)
  6 black mambas
  2 gargoyles
  10 cane toads
  2 unseen horrors
  A kobold demonologist (D:11)
  5 komodo dragons
  Maggie (D:9)
  3 rime drakes
  4 polar bears
  A queen bee (Lair:3)
  6 trolls
  14 blink frogs
  2 slime creatures (D:12)
  11 dream sheep
  Prince Ribbit (D:5)
  2 hornets (D:8)
  79 yaks
  A wraith (D:11)
  9 wyverns
  5 shadows
  A vampire (D:11)
  7 basilisks
  3 chaos spawn (Gauntlet)
  2 steam dragons
  A neqoxec (Gauntlet)
  6 wargs
  18 water moccasins
  3 nagas (Lair:3)
  Duvessa (D:4)
  14 orc warriors
  An ice beast (D:7)
  A sky beast (D:6)
  3 black bears (D:6)
  13 wolves
  5 ogres
  9 centaurs
  A centaur (shapeshifter) (Gauntlet)
  2 kobold brigands
  12 bullfrogs
  2 scorpions
  A necrophage (D:5)
  26 wights
  31 killer bees
  Dowan (D:4)
  A killer bee (shapeshifter) (Gauntlet)
  An electric eel (Lair:3)
  5 howler monkeys
  A hound (D:5)
  2 jellies (D:5)
  13 orc priests
  12 orc wizards
  2 iguanas
  7 adders
  4 shadow imps
  2 white imps
  3 ufetubi
  3 worms
  50 orcs
  3 endoplasms
  4 giant cockroaches
  8 goblins
  8 hobgoblins
  8 jackals (D:2)
  14 kobolds
  2 quokkas
  6 ball pythons
  6 bats
  A frilled lizard (D:1)
  9 rats
565 creatures vanquished.

Vanquished Creatures (others)
  42 fungi
  77 plants
  14 withered plants (Gauntlet)
133 creatures vanquished.

Grand Total: 698 creatures vanquished

Notes
Turn   | Place    | Note
-------+----------+-------------------------------------------
     0 | D:1      | Smoke131 the Troll Gladiator began the quest for the Orb.
     0 | D:1      | Reached XP level 1. HP: 19/19 MP: 0/0
    87 | D:1      | Found Wengeam's Vocational Training.
   184 | D:1      | Found a faded altar of an unknown god.
   185 | D:1      | Noticed a shining eye
   187 | D:1      | Noticed a great orb of eyes
   187 | D:1      | Noticed a shining eye
   187 | D:1      | Noticed an eye of devastation
   227 | D:1      | Reached XP level 2. HP: 27/28 MP: 1/1
   275 | D:1      | Found Xurroare's Weapon Boutique.
   991 | D:2      | Reached XP level 3. HP: 35/35 MP: 2/2
  1467 | D:3      | Reached skill level 1 in Armour
  1662 | D:3      | Found an opulent altar of Gozag.
  1868 | D:3      | Reached XP level 4. HP: 35/42 MP: 3/3
  2246 | D:3      | Found a hazy altar of Hepliaklqana.
  2247 | D:3      | Found a burning altar of Makhleb.
  2249 | D:3      | Found a bloodstained altar of Trog.
  2256 | D:3      | Found a sparkling altar of Nemelex Xobeh.
  2258 | D:3      | Found a glowing silver altar of Zin.
  2446 | D:4      | Found a staircase to the Ecumenical Temple.
  2474 | D:4      | Reached XP level 5. HP: 50/50 MP: 4/4
  2497 | Temple   | Entered the Ecumenical Temple
  2657 | Temple   | Became a worshipper of Warmaster Okawaru
  2860 | D:4      | Noticed Duvessa
  2860 | D:4      | Noticed Dowan
  2879 | D:4      | Killed Duvessa
  2896 | D:4      | Killed Dowan
  2897 | D:4      | Reached XP level 6. HP: 33/59 MP: 5/5
  3178 | D:4      | Reached * piety under Okawaru
  3294 | D:5      | Entered Level 5 of the Dungeon
  3397 | D:5      | Reached XP level 7. HP: 24/67 MP: 6/6
  3582 | D:5      | Reached skill level 1 in Invocations
  3628 | D:5      | Noticed Prince Ribbit
  3660 | D:5      | Killed Prince Ribbit
  3660 | D:5      | Reached ** piety under Okawaru
  3720 | D:5      | Reached XP level 8. HP: 73/75 MP: 8/8
  3730 | D:5      | Reached skill level 5 in Unarmed Combat
  4164 | D:6      | Noticed a troll
  4171 | D:6      | Killed a troll
  4414 | D:6      | Reached *** piety under Okawaru
  5341 | D:6      | Reached XP level 9. HP: 56/85 MP: 10/10
  5383 | D:6      | Reached **** piety under Okawaru
  5442 | D:7      | Reached skill level 5 in Throwing
  5518 | D:7      | Noticed a boulder beetle
  5521 | D:7      | Noticed a gargoyle
  5549 | D:6      | Reached skill level 5 in Dodging
  5722 | D:6      | Killed a boulder beetle
  6209 | D:7      | Killed a gargoyle
  6210 | D:7      | Reached skill level 5 in Fighting
  6307 | D:8      | Received a gift from Okawaru
  6673 | D:8      | Noticed a troll
  6677 | D:8      | Killed a troll
  6677 | D:8      | Received a gift from Okawaru
  6729 | D:8      | Reached XP level 10. HP: 85/96 MP: 12/12
  6954 | D:8      | Found an ancient bone altar of Kikubaaqudgha.
  7104 | D:8      | Identified the +0 robe of Leogidui {rCorr Str-4 Dex+2}
  7265 | D:8      | Found a broken altar of Ashenzari.
  7412 | D:8      | Reached skill level 5 in Armour
  7788 | D:9      | Found a sacrificial altar of Ru.
  7866 | D:9      | Noticed Maggie
  7876 | D:9      | Killed Maggie
  8122 | D:9      | Reached ***** piety under Okawaru
  8147 | D:9      | Reached skill level 5 in Invocations
  8151 | D:9      | Found a staircase to the Lair.
  8373 | D:9      | Found Leddi's Jewellery Shop.
  8628 | D:9      | Found a radiant altar of Vehumet.
  8805 | D:9      | Identified the -2 hat of Inference {rF+ Dex+4} (Okawaru
                  | gifted it to you on level 9 of the Dungeon)
  8805 | D:9      | Received a gift from Okawaru
  8812 | D:9      | Reached XP level 11. HP: 105/105 MP: 14/14
  8872 | D:9      | Noticed a two-headed ogre
  8878 | D:9      | Killed a two-headed ogre
  8879 | D:9      | Reached skill level 1 in Shields
  9496 | D:10     | Entered Level 10 of the Dungeon
  9680 | D:10     | Noticed a green ugly thing
  9693 | D:10     | Killed a green ugly thing
  9741 | D:10     | Found a stormy altar of Qazlal.
 10056 | D:10     | Found a basalt altar of Yredelemnul.
 10455 | D:11     | Found a gate leading to a gauntlet.
 10461 | Gauntlet | Entered a Gauntlet
 10461 | Gauntlet | Noticed a sixfirhy
 10461 | Gauntlet | Found a transporter.
 10461 | Gauntlet | Found a transporter.
 10477 | Gauntlet | Found a transporter.
 10496 | Gauntlet | Found a transporter.
 10497 | Gauntlet | Found a transporter.
 10502 | Gauntlet | Found a transporter.
 10502 | Gauntlet | Found a transporter.
 10503 | Gauntlet | Found a transporter.
 10506 | Gauntlet | Found a runed translucent door.
 10506 | Gauntlet | Found a runed translucent door.
 10516 | Gauntlet | Found a transporter.
 10533 | Gauntlet | Found a transporter.
 10535 | Gauntlet | Noticed an emperor scorpion
 10542 | Gauntlet | Found a runed translucent door.
 10543 | Gauntlet | Found a transporter.
 10544 | Gauntlet | Found a runed translucent door.
 10548 | Gauntlet | Found a transporter.
 10548 | Gauntlet | Noticed a ghost moth
 10548 | Gauntlet | an emperor scorpion changed into a ghost moth
 10553 | Gauntlet | Noticed an ice dragon
 10553 | Gauntlet | a ghost moth changed into an ice dragon
 10556 | Gauntlet | Noticed a four-headed hydra
 10556 | Gauntlet | an ice dragon changed into a four-headed hydra
 10557 | Gauntlet | Noticed a death yak
 10557 | Gauntlet | a four-headed hydra changed into a death yak
 10564 | Gauntlet | Noticed an azure jelly
 10564 | Gauntlet | a death yak changed into an azure jelly
 10574 | Gauntlet | Noticed a frost giant
 10574 | Gauntlet | an azure jelly changed into a frost giant
 10643 | Gauntlet | Found a transporter.
 10644 | Gauntlet | Found a runed translucent door.
 10647 | Gauntlet | Found a transporter.
 10827 | Gauntlet | Noticed a mana viper
 10830 | Gauntlet | a mana viper changed into an elephant
 10836 | Gauntlet | Noticed a shock serpent
 10836 | Gauntlet | an elephant changed into a shock serpent
 10839 | Gauntlet | Noticed an orb spider
 10839 | Gauntlet | a shock serpent changed into an orb spider
 10843 | Gauntlet | an orb spider changed into a merfolk
 10853 | Gauntlet | Noticed a lindwurm
 10853 | Gauntlet | a merfolk changed into a lindwurm
 10853 | Gauntlet | Noticed a harpy
 10853 | Gauntlet | a black bear changed into a harpy
 10860 | Gauntlet | a lindwurm changed into a floating eye
 10867 | Gauntlet | Gained mutation: Your flesh is heat resistant. (rF+)
                  | [potion of mutation]
 10867 | Gauntlet | Gained mutation: You passively map a small area around you.
                  | [potion of mutation]
 10878 | Gauntlet | Noticed a sea snake
 10878 | Gauntlet | a faun changed into a sea snake
 10879 | Gauntlet | a sea snake changed into a faun
 10887 | Gauntlet | Killed a harpy
 10940 | Gauntlet | Identified the ring "Lomneq" {rN+ MP+9}
 10959 | Gauntlet | Noticed a minotaur
 10967 | Gauntlet | Killed a minotaur
 10994 | Gauntlet | Identified the +1 spear of the Orcish Mines {drain, rElec
                  | rC+ Str+4}
 10994 | Gauntlet | Identified the +5 great mace of Rughuvvu {elec, rN+}
 11089 | D:11     | Found a glowing golden altar of the Shining One.
 11269 | D:11     | Noticed a five-headed hydra
 11280 | D:11     | Killed a five-headed hydra
 11343 | D:11     | Noticed a boulder beetle
 11365 | D:11     | Killed a boulder beetle
 11365 | D:11     | Received a gift from Okawaru
 11366 | D:11     | Reached XP level 12. HP: 49/115 MP: 15/15
 11481 | D:11     | Noticed a boulder beetle
 11482 | D:11     | Noticed a two-headed ogre
 11505 | D:11     | Killed a boulder beetle
 11524 | D:11     | Killed a two-headed ogre
 12087 | D:12     | Identified the +2 quarterstaff "Koisej" {spect, *Noise rC-
                  | Int+3 Dex+9} (Okawaru gifted it to you on level 12 of the
                  | Dungeon)
 12087 | D:12     | Received a gift from Okawaru
 12166 | D:12     | Noticed a two-headed ogre
 12171 | D:12     | Killed a two-headed ogre
 12293 | D:12     | Found a staircase to the Orcish Mines.
 12382 | D:12     | Noticed a four-headed hydra
 12388 | D:12     | Killed a four-headed hydra
 12544 | D:12     | Found a runed translucent door.
 12546 | D:12     | Noticed Nissa's ghost (journeyman MiFi)
 12900 | Lair:1   | Entered Level 1 of the Lair of Beasts
 12995 | Lair:1   | Received a gift from Okawaru
 13071 | Lair:1   | Found a stormy altar of Qazlal.
 13123 | Lair:1   | Identified the +1 storm dragon scales of Usad {Harm Rampage
                  | rElec} (Okawaru gifted it to you on level 1 of the Lair of
                  | Beasts)
 13123 | Lair:1   | Received a gift from Okawaru
 13278 | Lair:1   | Identified the +7 spear of the Cursing Wasp {freeze, rC++}
 13409 | Lair:1   | Noticed a boulder beetle
 13443 | Lair:1   | Killed a boulder beetle
 13489 | Lair:1   | Reached skill level 5 in Shields
 13540 | Lair:1   | Noticed a catoblepas
 13550 | Lair:1   | Killed a catoblepas
 13734 | Lair:1   | Reached XP level 13. HP: 125/127 MP: 17/17
 15285 | Lair:3   | Reached skill level 10 in Unarmed Combat
 15363 | Lair:3   | Identified the quicksilver dragon scales "Kuxoph" {rC++
                  | Will+ rCorr Str+4 Int-4} (Okawaru gifted it to you on level
                  | 3 of the Lair of Beasts)
 15363 | Lair:3   | Received a gift from Okawaru
 15471 | Lair:3   | Found a staircase to the Snake Pit.
 16018 | Lair:3   | Identified the ring of the Fool {rC+ AC+4}
 16088 | Lair:3   | Found a staircase to the Shoals.
 16585 | D:9      | Bought a +6 ring of intelligence for 396 gold pieces
 17359 | Lair:4   | Noticed Rupert
 17396 | Lair:4   | Killed Rupert
 17397 | Lair:4   | Reached XP level 14. HP: 122/137 MP: 12/19
 18343 | Lair:5   | Entered Level 5 of the Lair of Beasts
 18581 | Lair:5   | Identified the +9 morningstar of the Forgotten Gods
                  | {distort, Fragile rPois Will+++ Str-2} (Okawaru gifted it
                  | to you on level 5 of the Lair of Beasts)
 18581 | Lair:5   | Received a gift from Okawaru
 18674 | Lair:5   | Noticed Snorg
 18681 | Lair:5   | Killed Snorg
 19544 | Lair:5   | Found a viscous altar of Jiyva.
 19545 | Lair:5   | Found a shimmering altar of Xom.
 19546 | Lair:5   | Found a staircase to the Slime Pits.
 19630 | Lair:5   | Received a gift from Okawaru
 19920 | Lair:5   | Reached skill level 10 in Throwing
 20208 | Lair:5   | Received a gift from Okawaru
 20509 | Lair:5   | Identified the +1 rapier of Wepic {vamp, rPois Str+2}
                  | (Okawaru gifted it to you on level 5 of the Lair of Beasts)
 20509 | Lair:5   | Received a gift from Okawaru
 20808 | Orc:1    | Entered Level 1 of the Orcish Mines
 20808 | Orc:1    | Noticed Maurice
 20808 | Orc:1    | Noticed an orc warlord
 20818 | D:12     | Killed Maurice
 21139 | D:12     | Killed an orc warlord
 21544 | Orc:1    | Noticed a stone giant
 21626 | Orc:1    | Reached XP level 15. HP: 148/148 MP: 21/21
 21753 | Orc:1    | Found a transporter.
 21849 | Orc:1    | Noticed an orc warlord
 21880 | Orc:1    | Killed an orc warlord
 22010 | Orc:1    | Found a bloodstained altar of Trog.
 22010 | Orc:1    | Found the +8 Wrath of Trog {antimagic, *Rage Rampage}
 22095 | Orc:1    | Found a transporter.
 22107 | Orc:1    | Found a runed translucent door.
 22129 | Orc:1    | Mangled by a two-headed ogre

Illustrated notes

Levels and vault maps discovered:
D:1:      heliophobic_arrival_ceremonial_halls, layout_loops_ring,
          hellmonk_ecumenical_altar_watching_god, serial_shops, shop,
          nicolae_shop_vocational
D:2:      layout_basic
D:3:      layout_loops_corners, nicolae_overflow_hidden_temple,
          minmay_overflow_temple_star_hex, st_stairs_5, minmay_quantized
D:4:      layout_basic, minmay_temple_entry_glass, uniq_duvessa
D:5:      layout_basic, moated_statue, uniq_prince_ribbit1
D:6:      layout_loops_cross, kennysheep_nub
D:7:      layout_rooms, minmay_chambers_of_fives
D:8:      layout_layer_cave, marbit_many_paths, mainiacjoe_overflow_alcove_1
D:9:      layout_stronghold, nicolae_ru_the_path_less_chosen,
          nicolae_vehumet_radiance, minmay_lair_entry_grove,
          serial_column_ruins, column_ruins_hut, column_ruins_hut_ruined,
          column_ruins_open_medium, column_ruins_grid_4,
          column_ruins_columns_corner, column_ruins_open_small, serial_shops,
          shop, centaur_isle, uniq_maggie
D:10:     layout_basic, lemuel_zombie_altar_yredelemnul,
          nicolae_qazlal_general_emergency, st_stairs_7
D:11:     layout_loops_ring, gauntlet_entry_generic, tso_metal_star
D:12:     layout_loops_cross, minmay_orc_entry_guard_dogs,
          hellmonk_ghost_happy_afterlife, grunt_ministairs_6,
          minmay_misc_feat_plants
Temple:   chequers_temple_sunken
Lair:1:   layout_regular_city, basic_altar
Lair:2:   layout_cave_pods, serial_bayou_lagoon_a, lemuel_fruit_fields,
          grunt_megastairs_2, infiniplex_staircase_pool_2
Lair:3:   regret_index_bee_streams, layout_loops_ring, elwin_shoals_entry_rocks,
          guppyfry_snake_entry_island, serial_bayou_shore_b
Lair:4:   layout_layer_cave, small_statue_intersection, minivault_27,
          grunt_megastairs_1, uniq_rupert
Lair:5:   evilmike_catoblepas_cave, layout_regular_city, slime_entry_1,
          lemuel_oklob_altar, infiniplex_staircase_pool, grunt_megastairs_3,
          serial_bayou_shore_b, uniq_snorg
Orc:1:    emtedronai_trogs_sanctum, layout_caves, minmay_orc_temple_c,
          uniq_maurice

Skill      XL: |  1  2  3  4  5  6  7  8  9 10 11 12 13 14 15 |
---------------+----------------------------------------------+-----
Throwing       | 2 3 4 5 6 7 8 9 10 | 10.0
Fighting       | 2 3 4 5 6 7 8 9 |  9.6
Armour         | 1 2 3 4 5 6 7 8 9 |  9.5
Dodging        | 3 4 5 6 7 8 9 |  9.9
Unarmed Combat | 4 5 6 7 8 9 10 | 10.0
Invocations    | 1 3 4 5 6 7 8 9 |  9.8
Shields        | 3 5 6 7 8 |  8.1

Action                   |  1- 3 |  4- 6 |  7- 9 | 10-12 | 13-15 || total
-------------------------+-------+-------+-------+-------+-------++-------
Melee: Unarmed           |   113 |    99 |   210 |   583 |  1045 ||  2050
       Punch             |     2 |     2 |     6 |    53 |    11 ||    74
       Great mace        |       |       |       |    13 |     7 ||    20
Throw: Dart              |       |    32 |    37 |       |     5 ||    74
       Large rock        |       |     2 |    11 |    27 |    38 ||    78
       Boomerang         |       |       |     6 |    42 |     7 ||    55
       Throwing net      |       |       |     1 |     1 |       ||     2
       Javelin           |       |       |       |       |     7 ||     7
Invok: Heroism           |       |       |     3 |    12 |    11 ||    26
       Finesse           |       |       |     1 |     7 |    11 ||    19
Evoke: Lightning rod     |       |       |       |     7 |     2 ||     9
       Wand              |       |       |       |     2 |       ||     2
  Use: Scroll            |       |     6 |    12 |     5 |     7 ||    30
       Potion            |       |       |     1 |     7 |     1 ||     9
 Stab: Sleeping          |     1 |       |       |       |       ||     1
       Held in net/web   |       |       |       |     2 |       ||     2
       Petrified         |       |       |       |       |     2 ||     2
Armor: Robe              |    38 |    36 |    37 |     3 |       ||   114
       Swamp dragon scal |       |       |       |   210 |   119 ||   329
       Quicksilver drago |       |       |       |       |   207 ||   207
Dodge: Dodged            |    69 |    58 |   100 |   307 |   273 ||   807
Block: Other             |       |       |       |    30 |    32 ||    62
       Tower shield      |       |       |       |       |   862 ||   862
       Reflection        |       |       |       |       |     7 ||     7
